 Dungeon Crawl Stone Soup version 0.22-a0-422-g9628fc8 (webtiles) character file.

522 galech the Covered (level 7, -1/60 HPs)
             Began as a Gnoll Wanderer on May 16, 2018.
             Slain by ololoev's ghost (11 damage)
             ... on level 5 of the Dungeon.
             The game lasted 00:05:14 (4018 turns).

galech the Covered (Gnoll Wanderer)                 Turns: 4018, Time: 00:05:15

Health: -1/60      AC: 11    Str: 14    XL:     7   Next: 22%
Magic:  19/19      EV:  5    Int: 18    God:
Gold:   213        SH:  8    Dex: 13    Spells: 10/10 levels left

rFire    + . .     SeeInvis .   y - +7 war axe "Teni" {venom, -Tele rElec rPois MP+9}
rCold    x . .     Gourm    .   j - +0 shield
rNeg     . . .     Faith    .   f - +0 chain mail
rPois    +         Spirit   .   (no helmet)
rElec    +         Reflect  .   o - +0 cloak
rCorr    .         Harm     .   (no gloves)
MR       .....     NoTele   +   (no boots)
Stlth    ..........             (no amulet)
HPRegen  0.20/turn              z - ring of fire
MPRegen  0.16/turn              (no ring)

@: no status effects
A: distributed training, fangs 1, strong nose
a: no special abilities


You were on level 5 of the Dungeon.
You were hungry.

You visited 1 branch of the dungeon, and saw 5 of its levels.

You collected 213 gold pieces.

Inventory:

Hand Weapons
 a - a +2 spear
 m - a +2 dagger of venom
 y - the +7 war axe "Teni" (weapon) {venom, -Tele rElec rPois MP+9}
   (You found it on level 4 of the Dungeon)

   It poisons the flesh of those it strikes.
   It insulates you from electricity.
   It protects you from poison.
   It affects your magic capacity (+9).
   It prevents most forms of teleportation.
Armour
 b - a +0 ring mail
 f - a +0 chain mail (worn)
 j - a +0 shield (worn)
 l - a +0 scale mail
 o - a +0 cloak (worn)
Jewellery
 z - a ring of fire (left hand)
Scrolls
 c - 3 scrolls of teleportation
 e - 2 scrolls of remove curse {unknown}
 g - 11 scrolls of identify {unknown}
 h - 3 scrolls of enchant weapon {unknown}
 r - a scroll of blinking {unknown}
 s - a scroll of fog {unknown}
 w - a scroll of magic mapping {unknown}
 x - a scroll of amnesia {unknown}
Potions
 i - 2 potions of might {unknown}
 k - a potion of resistance {unknown}
 n - 2 potions of curing {unknown}
 p - 2 potions of cancellation {unknown}
 q - a potion of ambrosia {unknown}
 t - a potion of brilliance {unknown}
 u - a potion of lignification {unknown}
 v - a potion of berserk rage {unknown}
 A - 2 potions of agility {unknown}
 B - a potion of haste {unknown}
Comestibles
 d - 6 rations


   Skills:
 + Level 7.0 Fighting
 + Level 2.3 Short Blades
 + Level 2.3 Long Blades
 + Level 2.3 Axes
 + Level 2.3 Maces & Flails
 + Level 3.5 Polearms
 + Level 2.3 Staves
 + Level 2.3 Slings
 + Level 2.3 Bows
 + Level 2.3 Crossbows
 + Level 3.5 Throwing
 + Level 7.0 Armour
 + Level 3.5 Dodging
 + Level 3.3 Stealth
 + Level 2.3 Shields
 + Level 2.3 Unarmed Combat
 + Level 2.3 Spellcasting
 + Level 1.8 Conjurations
 + Level 1.8 Hexes
 + Level 1.8 Charms
 + Level 1.8 Summonings
 + Level 1.8 Necromancy
 + Level 1.8 Translocations
 + Level 1.8 Transmutations
 + Level 1.8 Fire Magic
 + Level 1.8 Ice Magic
 + Level 1.8 Air Magic
 + Level 1.8 Earth Magic
 + Level 1.8 Poison Magic
 + Level 2.5 Invocations
 + Level 2.3 Evocations


You had 10 spell levels left.
You didn't know any spells.
Your spell library was empty.

Dungeon Overview and Level Annotations

Branches:
Dungeon (5/15)
 Temple: D:4-7

Altars:
Gozag
Zin

Annotations:
D:5 ololoev's ghost, novice GnBe


Innate Abilities, Weirdness & Mutations

Your experience applies equally to all skills.
You have very sharp teeth.
Your uncanny sense of smell can sniff out nearby items.


Message History

You are too injured to fight recklessly!
You are too injured to fight recklessly!
You are too injured to fight recklessly!
You are too injured to fight recklessly!
You are too injured to fight recklessly!
You closely miss ololoev's ghost.
Ololoev's ghost is heavily damaged.
Ololoev's ghost hits you.
You hit ololoev's ghost.
Ololoev's ghost is heavily damaged.
Ololoev's ghost hits you but does no damage.
Ololoev's ghost hits you.
You closely miss ololoev's ghost.
Ololoev's ghost is heavily damaged.
Ololoev's ghost hits you!
* * * LOW HITPOINT WARNING * * *
Things that are here:
a ration; a giant cockroach corpse Ololoev's ghost hits you!
You die...

# .# # .#
#.#.#.#####.###.#
......†)W%.......
..#.#.###@......#
# #.#...... ∆
#.######.
###.###.#.#
.........<#
.##.###.#.# ∆
#.#.# ∆ #.#.#
#.#.#


You could see ololoev's ghost.

Vanquished Creatures
  Edmund (D:4)
  A scorpion (D:4)
  2 hounds
  A bullfrog skeleton (D:4)
  Natasha (thrice) (D:3)
  2 worker ants
  A hound skeleton (D:4)
  A gnoll (D:1)
  6 adders
  2 oozes
  2 worms (D:2)
  A dart slug (D:2)
  5 orcs
  2 ball pythons
  4 bats
  3 giant cockroaches
  4 goblins
  3 hobgoblins
  3 jackals (D:1)
  A quokka (D:4)
  A frilled lizard (D:4)
  4 kobolds
  3 rats
56 creatures vanquished.

Notes
Turn   | Place    | Note
-------+----------+-------------------------------------------
     0 | D:1      | galech the Gnoll Wanderer began the quest for the Orb.
     0 | D:1      | galech set off with: a +2 spear, a +0 ring mail, a scroll of teleportation, a ration
     0 | D:1      | Reached XP level 1. HP: 23/23 MP: 1/1
   124 | D:1      | Reached XP level 2. HP: 23/29 MP: 2/2
   837 | D:2      | Reached XP level 3. HP: 34/35 MP: 3/3
   966 | D:2      | Reached skill level 1 in Invocations
  1261 | D:2      | Reached skill level 1 in Short Blades
  1261 | D:2      | Reached skill level 1 in Long Blades
  1261 | D:2      | Reached skill level 1 in Axes
  1261 | D:2      | Reached skill level 1 in Maces & Flails
  1261 | D:2      | Reached skill level 1 in Staves
  1261 | D:2      | Reached skill level 1 in Slings
  1261 | D:2      | Reached skill level 1 in Bows
  1261 | D:2      | Reached skill level 1 in Crossbows
  1261 | D:2      | Reached skill level 1 in Shields
  1261 | D:2      | Reached skill level 1 in Unarmed Combat
  1261 | D:2      | Reached skill level 1 in Spellcasting
  1261 | D:2      | Reached skill level 1 in Evocations
  1261 | D:2      | Reached XP level 4. HP: 33/41 MP: 5/5
  1631 | D:3      | Noticed a phantom
  1657 | D:3      | Noticed Natasha
  1668 | D:3      | Killed Natasha
  1668 | D:3      | Reached skill level 1 in Conjurations
  1668 | D:3      | Reached skill level 1 in Hexes
  1668 | D:3      | Reached skill level 1 in Charms
  1668 | D:3      | Reached skill level 1 in Summonings
  1668 | D:3      | Reached skill level 1 in Necromancy
  1668 | D:3      | Reached skill level 1 in Translocations
  1668 | D:3      | Reached skill level 1 in Transmutations
  1668 | D:3      | Reached skill level 1 in Fire Magic
  1668 | D:3      | Reached skill level 1 in Ice Magic
  1668 | D:3      | Reached skill level 1 in Air Magic
  1668 | D:3      | Reached skill level 1 in Earth Magic
  1668 | D:3      | Reached skill level 1 in Poison Magic
  1797 | D:3      | Reached XP level 5. HP: 43/47 MP: 6/6
  1869 | D:3      | Found an opulent altar of Gozag.
  2053 | D:3      | Noticed Natasha
  2066 | D:3      | Killed Natasha
  2075 | D:3      | Noticed Natasha
  2087 | D:3      | Killed Natasha
  2338 | D:4      | Noticed Edmund
  2366 | D:4      | HP: 2/47 [Edmund/dire flail of holy wrath (6)]
  2682 | D:4      | Killed Edmund
  2682 | D:4      | Reached XP level 6. HP: 14/53 MP: 7/9
  3316 | D:4      | Found a glowing silver altar of Zin.
  3404 | D:4      | Reached XP level 7. HP: 53/59 MP: 10/10
  3408 | D:4      | Got a bloodstained war axe
  3409 | D:4      | Identified the +7 war axe "Teni" {venom, -Tele rElec rPois MP+9} (You found it on level 4 of the Dungeon)
  3980 | D:5      | Entered Level 5 of the Dungeon
  4002 | D:5      | Noticed ololoev's ghost (novice GnBe)
  4018 | D:5      | Slain by ololoev's ghost

Vault maps used:
D:1:      dpeg_arrival_solitude, minivault_19
D:2:      minmay_pentomino_s4
D:3:      grunt_gozag_statues, uniq_natasha
D:4:      zin_scriptorium, uniq_edmund
D:5:      first_ration, minmay_misc_feat_more_columns, st_stairs_3,
          hangedman_decor_opposing

Skill      XL: |  1  2  3  4  5  6  7 |
---------------+----------------------+-----
Invocations    | 1 2 |  2.5
Short Blades   | 1 2 |  2.3
Long Blades    | 1 2 |  2.3
Axes           | 1 2 |  2.3
Maces & Flails | 1 2 |  2.3
Staves         | 1 2 |  2.3
Slings         | 1 2 |  2.3
Bows           | 1 2 |  2.3
Crossbows      | 1 2 |  2.3
Shields        | 1 2 |  2.3
Unarmed Combat | 1 2 |  2.3
Spellcasting   | 1 2 |  2.3
Evocations     | 1 2 |  2.3
Conjurations   | 1 |  1.8
Hexes          | 1 |  1.8
Charms         | 1 |  1.8
Summonings     | 1 |  1.8
Necromancy     | 1 |  1.8
Translocations | 1 |  1.8
Transmutations | 1 |  1.8
Fire Magic     | 1 |  1.8
Ice Magic      | 1 |  1.8
Air Magic      | 1 |  1.8
Earth Magic    | 1 |  1.8
Poison Magic   | 1 |  1.8
Polearms       | 3 |  3.5
Throwing       | 3 |  3.5
Dodging        | 3 |  3.5
Stealth        | 3 |  3.3
Fighting       | 7 |  7.0
Armour         | 7 |  7.0

Action                   |  1- 3 |  4- 6 |  7- 9 || total
-------------------------+-------+-------+-------++-------
Melee: Spear             |    90 |   203 |       ||   293
       Bite              |     8 |    21 |     1 ||    30
       Dagger            |     3 |       |       ||     3
       War axe           |       |       |    29 ||    29
  Eat: Chunk             |     1 |     4 |     1 ||     6
       Ration            |       |     1 |       ||     1
Armor: Ring mail         |    18 |       |       ||    18
       Scale mail        |     9 |     8 |       ||    17
       Chain mail        |       |    59 |    10 ||    69
Dodge: Dodged            |    33 |    27 |     4 ||    64
Block: Shield            |    10 |    50 |     8 ||    68

Table legend:
 A = Spawn XP
 B = Non-spawn XP
 C = Spawn XP percentage of total XP
 D = Spawn monster count
 E = Non-spawn monster count
 F = Spawn count percentage of total count
 G = Total turns spent on level
                    A         B        C        D         E        F      G
               +---------+---------+-------+---------+---------+-------+---------
         Total |       0 |     747 |   0.0 |       0 |      56 |   0.0 |  4018
               +---------+---------+-------+---------+---------+-------+---------
           D:1 |       0 |      30 |   0.0 |       0 |      10 |   0.0 |   813
           D:2 |       0 |      68 |   0.0 |       0 |      15 |   0.0 |   818
           D:3 |       0 |     151 |   0.0 |       0 |      12 |   0.0 |   848
           D:4 |       0 |     408 |   0.0 |       0 |      12 |   0.0 |  1501
           D:5 |       0 |      90 |   0.0 |       0 |       7 |   0.0 |    38
               +---------+---------+-------+---------+---------+-------+---------
